 Dungeon Sprint DCSS version 0.24.0-123-gd5b16e6ec5 (webtiles) character file.

Game seed: 17881153060633397251, levelgen mode: deterministic

83 McKennaii the Firebug (level 4, -6/33 HPs)
             Began as a Draconian Fire Elementalist on Jan 26, 2020.
             Killed by divine providence
             ... invoked by an oklob sapling priest
              (13 damage)
             ... in the Dungeon (Sprint IV: "Fedhas' Mad Dash").
             The game lasted 00:01:19 (253 turns).

McKennaii the Firebug (Draconian Fire Elementalist)  Turns: 253, Time: 00:01:19

Health: -6/33      AC:  2    Str: 10    XL:     4   Next: 22%
Magic:  5/10       EV: 13    Int: 16    God:
Gold:   53         SH:  0    Dex: 12    Spells: 10/11 levels left

rFire    . . .     SeeInvis .   (no weapon)
rCold    . . .     Gourm    .   (no shield)
rNeg     . . .     Faith    .   (armour unavailable)
rPois    .         Spirit   .   a - +1 hat
rElec    .         Reflect  .   (no cloak)
rCorr    .         Harm     .   (no gloves)
MR       .....     NoTele   +   (no boots)
Stlth    ++........             j - amulet of invisibility {+Inv}
HPRegen  0.11/turn              (no ring)
MPRegen  0.12/turn              (no ring)

@: corroded
A: unfitting armour, cold-blooded, AC +5
a: Evoke Invisibility


You were in the Dungeon.
You were not hungry.

You visited 1 branch You collected 53 gold pieces.

Inventory:

Armour
 a - a +1 hat (worn)
Jewellery
 j - the amulet of invisibility (around neck) {+Inv}
   (You found it in the Dungeon)

   [amulet of nothing]

   It lets you turn invisible.
Scrolls
 h - a scroll of blinking
 i - a scroll of remove curse {unknown}
Potions
 c - a potion of curing
 d - a potion of heal wounds
 e - a potion of haste
 f - 2 potions of magic
 g - a potion of berserk rage
Comestibles
 b - a ration


   Skills:
 + Level 2.8 Dodging
 + Level 2.8 Stealth
 * Level 4.4 Spellcasting
 * Level 2.9 Conjurations
 + Level 6.2 Fire Magic


You had 10 spell levels left.
You knew the following spells:

 Your Spells              Type           Power        Failure   Level  Hunger
a - Flame Tongue          Conj/Fire      ###..        2%          1    None

Your spell library contained the following spells:

 Spells                   Type           Power        Failure   Level  Hunger
 Throw Flame              Conj/Fire      ###...       3%          2    ##.....
 Conjure Flame            Conj/Fire      ###.....     8%          3    ###....
 Inner Flame              Hex/Fire       ##......     14%         3    ###....
 Sticky Flame             Conj/Fire      ###.....     24%         4    ####...
 Fireball                 Conj/Fire      ###.......   56%         5    ######.


Dungeon Overview and Level Annotations

Branches:
Dungeon (1/1)

Altars:
Cheibriados
Dithmenos
Elyvilon
Gozag
Hepliaklqana
Kikubaaqudgha
Makhleb
Nemelex Xobeh
Okawaru
Qazlal
Ru
Sif Muna
Trog
Uskayaw
Vehumet
Wu Jian
Xom
Yredelemnul
Zin
The Shining One
Beogh
Jiyva
Lugonu

Annotations:
D exclusion: oklob sapling


Innate Abilities, Weirdness & Mutations

Your plain brown scales are hard. (AC +5)
You cannot fit into any form of body armour.
You are cold-blooded and may be slowed by cold attacks.


Message History

Aim: an oklob sapling priest (heavily damaged)
The flame tongue hits the oklob sapling priest but does no damage.
The oklob sapling priest is heavily damaged.
Casting: Flame Tongue (safe; 2% risk of failure)
Confirm with . or Enter, or press ? or * to list all spells.
Aiming: Flame Tongue (safe; 2% risk of failure)
Press: ? - help, Shift-Dir - straight line, f/p - oklob sapling priest
Aim: an oklob sapling priest (heavily damaged)
The flame tongue hits the oklob sapling priest.
The oklob sapling priest is severely damaged.
Casting: Flame Tongue (safe; 2% risk of failure)
Confirm with . or Enter, or press ? or * to list all spells.
Aiming: Flame Tongue (safe; 2% risk of failure)
Press: ? - help, Shift-Dir - straight line, f/p - oklob sapling priest
Aim: an oklob sapling priest (severely damaged)
The flame tongue hits the oklob sapling priest!
The oklob sapling priest is almost destroyed.
The oklob sapling priest calls down the wrath of its god upon you.
Something smites you!
You die...

########################
#.....#.....#.⌠._._._._.
†.†...'.#)..'.._@_._._._
#.....#.#...#..._._P_._.
##########'##.._._._._._
........'...#._._._._._.
.♣.....#...############
♣..♣..###### # ###


You could see an oklob sapling priest.

Vanquished Creatures
  2 oklob saplings (D)
  A worker ant (D)
  A river rat (D)
  A rat (D)
5 creatures vanquished.

Notes
Turn   | Place    | Note
-------+----------+-------------------------------------------
     0 | D        | McKennaii the Draconian Fire Elementalist began the quest
                  | for the Orb.
     0 | D        | Reached XP level 1. HP: 14/14 MP: 3/3
     7 | D        | Reached skill level 4 in Fire Magic
     7 | D        | Reached XP level 2. HP: 20/20 MP: 0/5
    62 | D        | Noticed an oklob sapling
    65 | D        | Killed an oklob sapling
    65 | D        | Reached skill level 5 in Fire Magic
    65 | D        | Reached XP level 3. HP: 26/26 MP: 2/7
    69 | D        | Found the amulet of invisibility {+Inv}
   182 | D        | Noticed an oklob sapling
   186 | D        | Killed an oklob sapling
   186 | D        | Reached skill level 6 in Fire Magic
   186 | D        | Reached XP level 4. HP: 33/33 MP: 5/10
   241 | D        | Found an opulent altar of Gozag.
   241 | D        | Found a hazy altar of Hepliaklqana.
   241 | D        | Found a roughly hewn altar of Beogh.
   241 | D        | Found a snail-covered altar of Cheibriados.
   242 | D        | Found a viscous altar of Jiyva.
   242 | D        | Found a burning altar of Makhleb.
   242 | D        | Found a sparkling altar of Nemelex Xobeh.
   242 | D        | Found a sacrificial altar of Ru.
   242 | D        | Found a shimmering blue altar of Sif Muna.
   242 | D        | Found a bloodstained altar of Trog.
   242 | D        | Found an ornate altar of the Wu Jian Council.
   242 | D        | Found a shimmering altar of Xom.
   242 | D        | Found a basalt altar of Yredelemnul.
   245 | D        | Found an iron altar of Okawaru.
   245 | D        | Found a shadowy altar of Dithmenos.
   245 | D        | Found a glowing silver altar of Zin.
   246 | D        | Found an ancient bone altar of Kikubaaqudgha.
   246 | D        | Found a hide-covered altar of Uskayaw.
   247 | D        | Found a stormy altar of Qazlal.
   247 | D        | Found a white marble altar of Elyvilon.
   247 | D        | Found a glowing golden altar of the Shining One.
   248 | D        | Found a corrupted altar of Lugonu.
   248 | D        | Found a radiant altar of Vehumet.
   253 | D        | Killed from afar by an oklob sapling priest

Levels and vault maps discovered:
D:        dungeon_sprint_fedhas [sprint_temple]

Skill      XL: |  1  2  3 |
---------------+----------+-----
Dodging        | 2 |  2.8
Stealth        | 2 |  2.8
Fire Magic     | 4 5 6 |  6.2
Spellcasting   | 3 4 |  4.4
Conjurations   | 2 |  2.9

Action                   |  1- 3 |  4- 6 || total
-------------------------+-------+-------++-------
Melee: Unarmed           |     1 |       ||     1
 Cast: Flame Tongue      |    15 |     6 ||    21
Armor: Skin              |     1 |       ||     1
Dodge: Dodged            |     5 |     1 ||     6
